 Dungeon Crawl Stone Soup version 0.29-a0-297-g7659ce593d (webtiles) character file.

Game seed: 12297624935686166574

364 Astera the Gusty (level 6, 0/48 HPs)
             Began as a Tengu Air Elementalist on Mar 20, 2022.
             Was an Initiate of Hepliaklqana.
             Succumbed to Eustachio's poison
             ... on level 4 of the Dungeon.
             The game lasted 00:18:32 (5404 turns).

Astera the Gusty (Tengu Air Elementalist)           Turns: 5404, Time: 00:18:32

Health: 0/48       AC:  3    Str:  6 (9)  XL:     6   Next: 67%
Magic:  10/11      EV: 15    Int: 15 (17) God:    Hepliaklqana [......]
Gold:   176        SH:  0    Dex: 11 (14) Spells: 5/11 levels left

rFire   . . .      SeeInvis .   y - +0 spear
rCold   . . .      Faith    .   (no shield)
rNeg    + . .      Spirit   .   a - +0 robe
rPois   .          Reflect  .   (helmet restricted)
rElec   .          Harm     .   (no cloak)
rCorr   .          Rampage  .   f - +0 pair of gloves
Will    +....                   (boots unavailable)
Stlth   ..........              (no amulet)
HPRegen 0.16/turn               l - ring of positive energy
MPRegen 0.12/turn               d - ring of willpower

@: berserking, lethally poisoned (0 -> -8), flying quickly and evasively,
studying Polearms, very quick
A: beak, talons 3, nimble flight
a: Renounce Religion


You were on level 4 of the Dungeon.
You worshipped Hepliaklqana.
Hepliaklqana was noncommittal.
You visited 2 branches of the dungeon, and saw 6 of its levels.

You collected 176 gold pieces.

Inventory:

Hand Weapons
 y - a +0 spear (weapon)
Missiles
 s - 2 javelins
Armour
 a - a +0 robe (worn)
 f - a +0 pair of gloves (worn)
 g - a +0 leather armour
 t - a +0 buckler
Magical Staves
 o - a staff of cold
 q - a staff of earth
Jewellery
 d - a ring of willpower (right hand)
 l - a ring of positive energy (left hand)
Scrolls
 e - 3 scrolls of vulnerability {unknown}
 h - 4 scrolls of teleportation {unknown}
 j - 6 scrolls of identify {unknown}
 k - 2 scrolls of enchant armour {unknown}
 n - a scroll of holy word {unknown}
 r - a scroll of fear {unknown}
 v - 2 scrolls of noise {unknown}
 w - 2 scrolls of enchant weapon {unknown}
 x - a scroll of silence {unknown}
Potions
 b - a potion of magic
 m - a potion of heal wounds {unknown}
 p - a potion of resistance {unknown}
 u - a potion of degeneration
 z - a potion of lignification {unknown}
 A - a potion of cancellation {unknown}


   Skills:
 + Level 1.8 Polearms
 - Level 1.0 Armour
 + Level 3.7 Dodging
 - Level 3.0 Stealth
 + Level 3.2 Spellcasting
 + Level 3.8 Conjurations
 + Level 5.6 Air Magic
 - Level 1.0 Evocations


You had 5 spell levels left.
You knew the following spells:

 Your Spells              Type           Power      Damage    Failure   Level
a - Shock                 Conj/Air       64%        1d7       2%          1
b - Static Discharge      Conj/Air       16%        N/A       4%          2
c - Swiftness             Air            19%        N/A       6%          3

Your spell library contained the following spells:

 Spells                   Type           Power      Damage    Failure   Level
 Magic Dart               Conj           52%        1d5       4%          1
 Mephitic Cloud           Conj/Pois/Air  11%        N/A       16%         3
 Airstrike                Air            9%         N/A       19%         4
 Summon Small Mammal      Summ           8%         N/A       21%         1
 Call Imp                 Summ           2%         N/A       30%         2
 Call Canine Familiar     Summ           2%         N/A       52%         3
 Ignite Poison            Fire/Tmut/Pois 2%         N/A       52%         3
 Summon Guardian Golem    Hex/Summ       2%         N/A       52%         3
 Freezing Cloud           Conj/Ice/Air   5%         6-21      83%         5


Dungeon Overview and Level Annotations

Branches:
Dungeon (5/15)             Temple (1/1) D:4

Altars:
Ashenzari
Cheibriados
Dithmenos
Fedhas
Gozag
Hepliaklqana
Kikubaaqudgha
Makhleb
Nemelex Xobeh
Okawaru
Qazlal
Ru
Sif Muna
Trog
Uskayaw
Vehumet
Wu Jian
Xom
Yredelemnul
Zin
The Shining One

Shops:
D:5 **

Annotations:
D:4 Eustachio


Innate Abilities, Weirdness & Mutations

You have a beak for a mouth.
You have claws for feet.
Your magical nature lets you fly swiftly and evasively.


Message History

The zap hits the iguana.
The iguana is heavily wounded.
The zap misses the iguana.
The zap hits the iguana.
The iguana is severely wounded.
The iguana bites you!
You hit the iguana but do no damage.
The iguana is severely wounded.
An ice beast comes into view.
The iguana barely misses you.
You completely miss the iguana. You peck the iguana, but do no damage.
The iguana is severely wounded.
The iguana barely misses you.
You hit the iguana. You claw the iguana, but do no damage.
Your peck misses the iguana.
The iguana is almost dead.
The iguana misses you.
Eustachio the Magnificent comes into view.
He is wielding a +0 rapier of venom and wearing a +1 leather armour of fire resistance.
Eustachio shouts!
You hear a shout!
The ogre shouts!
There is a stone staircase leading up here.
Eustachio hits you with a +0 rapier of venom!
You are lethally poisoned!
You fly upwards.
* * * LOW HITPOINT WARNING * * *
You feel very sick.
There is a stone staircase leading down here.
It was a potion of flight.
You feel more buoyant.
* * * LOW HITPOINT WARNING * * *
You feel very sick.
Eustachio casts a spell.
Eustachio blinks!
It was a potion of berserk rage.
A red film seems to cover your vision as you go berserk!
You feel yourself moving faster!
You feel mighty!
* * * LOW HITPOINT WARNING * * *
You feel sick.
You feel a strong urge to attack something.
You die...

#....# #....# #....# #....####
##### #....##.# # #...##
#....##.# ### ####.#..#######
#....[#.###.# ..............####
#............
........#####...@####....#..#...#
........# ####.>.@........###.#
........# #############..........
........###......................
........##..#######..............
...........## ##....#......###
........##########....#..##.#.#
.....................)#.###.#.###
..#.#.#.........)#...............


You could see Eustachio.

Vanquished Creatures
  A scorpion (D:4)
  An orc priest (D:3)
  Natasha (thrice) (D:4)
  3 orc wizards
  4 adders
  An ufetubus (D:5)
  2 worms
  2 dart slugs (D:2)
  10 orcs
  3 ball pythons
  5 bats
  4 endoplasms
  3 giant cockroaches
  8 hobgoblins
  2 jackals (D:4)
  2 quokkas (D:2)
  2 frilled lizards (D:1)
  7 goblins
  7 kobolds
  4 rats
74 creatures vanquished.

Notes
Turn   | Place    | Note
-------+----------+-------------------------------------------
     0 | D:1      | Astera the Tengu Air Elementalist began the quest for the
                  | Orb.
     0 | D:1      | Reached XP level 1. HP: 10/10 MP: 4/4
   229 | D:1      | Reached XP level 2. HP: 14/15 MP: 4/6
  1029 | D:2      | Reached XP level 3. HP: 19/19 MP: 7/7
  1879 | D:3      | Reached XP level 4. HP: 24/24 MP: 5/8
  2536 | D:3      | Reached skill level 1 in Armour
  2536 | D:3      | Reached skill level 1 in Evocations
  2536 | D:3      | Gained mutation: Your magical nature lets you fly swiftly
                  | and evasively. [Tengu growth]
  2536 | D:3      | Reached XP level 5. HP: 17/28 MP: 3/10
  3255 | D:4      | Reached skill level 5 in Air Magic
  3258 | D:4      | Learned a level 2 spell: Static Discharge
  3262 | D:4      | Learned a level 3 spell: Swiftness
  3521 | D:5      | Entered Level 5 of the Dungeon
  3521 | D:5      | Noticed an ogre
  3800 | D:4      | Reached XP level 6. HP: 32/32 MP: 7/11
  3874 | D:4      | Found a staircase to the Ecumenical Temple.
  3890 | Temple   | Entered the Ecumenical Temple
  4532 | Temple   | Became a worshipper of Hepliaklqana the Forgotten
  4613 | D:4      | Noticed Natasha
  4622 | D:4      | Killed Natasha
  4645 | D:4      | Noticed Natasha
  4651 | D:4      | Killed Natasha
  4652 | D:4      | Reached skill level 1 in Polearms
  4731 | D:4      | Noticed Natasha
  4736 | D:4      | Killed Natasha
  4786 | D:5      | Noticed a black bear
  4806 | D:5      | Found Lianomm's General Store.
  4807 | D:5      | Found Nomuesko's Specific Store.
  5389 | D:5      | Noticed an ice beast
  5395 | D:5      | Noticed Eustachio
  5403 | D:4      | HP: 1/48 [poisoned by Eustachio]
  5404 | D:4      | Succumbed to Eustachio's poison

Illustrated notes

Levels and vault maps discovered:
D:1:      dpeg_arrival_line_fractal, layout_loops_ring
D:2:      layout_basic
D:3:      layout_basic, kennysheep_generic_room_5
D:4:      layout_rooms, minmay_temple_entry_offerings, uniq_natasha
D:5:      layout_loops_ring, gammafunk_ghost_arena, kennysheep_another_room,
          grunt_ministairs_7, nicolae_specific_store, hangedman_decor_riveting,
          uniq_eustachio
Temple:   nicolae_temple_the_god_donut

Skill      XL: |  1  2  3  4  5  6 |
---------------+-------------------+-----
Conjurations   | 2 3 |  3.8
Dodging        | 3 |  3.7
Armour         | 1 |  1.0
Evocations     | 1 |  1.0
Spellcasting   | 3 |  3.2
Air Magic      | 5 |  5.6
Polearms       | 1 |  1.8
Stealth        | 3 |  3.0

Action                   |  1- 3 |  4- 6 || total
-------------------------+-------+-------++-------
Melee: Unarmed           |     3 |       ||     3
       Kick              |     4 |     6 ||    10
       Peck              |     2 |     5 ||     7
       Short sword       |     8 |     8 ||    16
       Spear             |       |    20 ||    20
 Cast: Shock             |    74 |    99 ||   173
       Static Discharge  |       |     2 ||     2
  Use: Potion            |       |     4 ||     4
 Stab: Sleeping          |     1 |     1 ||     2
Armor: Robe              |     4 |     2 ||     6
Dodge: Dodged            |    17 |    23 ||    40

Table legend: (Time is in decaauts)
 A = Elapsed time spent in this place.
 B = Non-inter-level travel time spent in this place.
 C = Inter-level travel time spent in this place.
 D = Time resting spent in this place.
 E = Time spent auto-exploring this place.
 F = Levels seen in this place.
 G = Mean time per level.
                   A        B        C        D        E       F      G
               +--------+--------+--------+--------+--------+-----+--------+
         Total |   5221 |   4898 |    323 |    857 |   2454 |   6 |  870.2 |
       Dungeon |   4630 |   4307 |    323 |    857 |   1924 |   5 |  926.0 |
        Temple |    590 |    590 |      0 |      0 |    530 |   1 |  590.0 |
               +--------+--------+--------+--------+--------+-----+--------+

Top non-repeatable levels by time:
     D:3: 1407 daAuts
     D:4: 1241 daAuts
     D:1: 924 daAuts
     D:2: 868 daAuts
  Temple: 590 daAuts
     D:5: 189 daAuts
